 Dungeon Crawl Stone Soup version 0.31-a0-202-g547052bce9 (webtiles) character file.

Game seed: 4104786928093060087

1242 qw the Skirmisher (level 8, -3/46 HPs)
             Began as a Deep Elf Hunter on June 26, 2023.
             Killed from afar by Edmund (5 damage)
             ... with a puff of flame
             ... on level 6 of the Dungeon.
             The game lasted 00:02:02 (5036 turns).

qw the Skirmisher (Deep Elf Hunter)                 Turns: 5036, Time: 00:02:02

Health: -3/46      AC:  7    Str: 10    XL:     8   Next: 25%
Magic:  10/10      EV: 12    Int: 15    God:
Gold:   391        SH:  0    Dex: 18    Spells: 7/7 levels left

rFire   . . .        Y - +5 shortbow
rCold   . . .        (shield currently unavailable)
rNeg    . . .        d - +0 ring mail
rPois   .            (no helmet)
rElec   .            h - +0 cloak
rCorr   .            f - +0 pair of gloves
SInv    .            (no boots)
Will    .....        j - amulet of the acrobat
Stlth   +            (no ring)
HPRegen 0.27/turn    (no ring)
MPRegen 0.12/turn

%: acrobat
@: about to teleport
A: no striking features
a: no special abilities


You were on level 6 of the Dungeon.
You visited 2 branches of the dungeon, and saw 7 of its levels.

You collected 391 gold pieces.


   Skills:
 - Level 3.1 Fighting
 + Level 12.5 Ranged Weapons
 - Level 1.0 Armour
 - Level 4.1 Dodging
 - Level 1.2 Stealth


You had 7 spell levels left.
You didn't know any spells.
Your spell library was empty.

Inventory:

Hand Weapons
 Y - a +5 shortbow (weapon)
Armour
 d - a +0 ring mail (worn)
 f - a +0 pair of gloves (worn)
 h - a +0 cloak (worn)
Jewellery
 j - an amulet of the acrobat (around neck)
Wands
 g - a wand of digging (1)
Scrolls
 a - a scroll of identify
 b - a scroll of torment {unknown}
Potions
 c - a potion of haste
 e - 2 potions of curing
 i - a potion of berserk rage {unknown}
 k - a potion of invisibility {unknown}
 m - a potion of enlightenment {unknown}

Dungeon Overview and Level Annotations

Branches:
Dungeon (6/15)             Temple (1/1) D:4

Altars:
Ashenzari
Cheibriados
Dithmenos
Elyvilon
Fedhas
Gozag
Hepliaklqana
Makhleb
Nemelex Xobeh
Qazlal
Ru
Sif Muna
Trog
Vehumet
Wu Jian
Xom
Yredelemnul
Zin
The Shining One

Annotations:
D:4 1 runed translucent door, qw's ghost, amateur DEHu
D:6 Edmund


Message History

Edmund is lightly wounded.
Edmund hits you with a +2 dire flail of protection.
You shoot an arrow. The arrow hits Edmund!
Edmund is moderately wounded.
Edmund barely misses you.
You shoot an arrow. The arrow hits Edmund.
Edmund is heavily wounded.
You shoot an arrow. The arrow hits Edmund.
Edmund is heavily wounded.
Edmund hits you with a +2 dire flail of protection!
You shoot an arrow.
The arrow hits Edmund but does no damage.
Edmund is heavily wounded.
Edmund closely misses you.
You shoot an arrow. The arrow closely misses Edmund.
Edmund gestures with his flail.
Edmund hits you with a +2 dire flail of protection.
You shoot an arrow. The arrow hits Edmund.
Edmund is heavily wounded.
Edmund asks, "Have you met my wondrous brother?"
Edmund hits you with a +2 dire flail of protection.
You shoot an arrow.
The arrow hits Edmund but does no damage.
Edmund is heavily wounded.
Edmund says, "People think my brother is the best.
I think he's crazy."
Edmund hits you with a +2 dire flail of protection!
5033 ||| READING scroll of teleportation.
As you read the scroll of teleportation, it crumbles to dust.
You feel strangely unstable. Edmund hits you but does no damage.
You shoot an arrow. The arrow hits Edmund.
Edmund is severely wounded.
Edmund says, "You wouldn't believe how much I paid for this flail."
Edmund hits you but does no damage.
You shoot an arrow. The arrow hits Edmund!
Edmund is severely wounded.
Edmund zaps a wand.
The puff of flame hits you.
You shoot an arrow. The arrow completely misses Edmund.
Edmund zaps a wand.
The puff of flame hits you.
You die...

...............#.#.######
#. .#######.#######.#.###
#: .................#...#
#. .#######.............#
#. .....................#
#. ####################.#
#. . ...# #.# #.
....###.###.###########.
......@@................
##....#.#...............
#..#...........########
#. #.#.#.#.##......#
#.#.#.#.##......#
#.#.#.#.##......#
#..#<#.#.#.###.....#
#..#.....#.###.....#
#..###.............#


You could see Edmund.

Vanquished Creatures
  Prince Ribbit (D:5)
  An ice beast (D:4)
  A phantom (D:5)
  Blork the orc (D:5)
  2 scorpions
  A quasit (D:4)
  4 hounds
  2 jellies
  3 orc priests (D:4)
  2 iguanas
  Ijyb (D:5)
  An orc wizard (D:4)
  3 gnolls (D:4)
  11 adders
  3 shadow imps (D:4)
  A white imp (D:4)
  2 ufetubi (D:4)
  2 worms (D:2)
  2 dart slugs
  8 orcs
  8 endoplasms
  4 giant cockroaches
  4 goblins
  9 hobgoblins
  9 jackals
  15 kobolds
  9 quokkas
  9 ball pythons
  7 bats
  4 frilled lizards
  A goblin zombie (D:5)
  A quokka zombie (D:5)
  12 rats
144 creatures vanquished.

Notes
Turn   | Place    | Note
-------+----------+-------------------------------------------
     0 | D:1      | qw the Deep Elf Hunter began the quest for the Orb.
     0 | D:1      | Reached XP level 1. HP: 12/12 MP: 3/3
     0 | D:1      | 0 ||| qw: Version: 0.3-a-22-g0ed2b0b
     0 | D:1      | 0 ||| qw: Game counter: 5957
     0 | D:1      | 0 ||| qw: Melee chars always use a shield: true
     0 | D:1      | 0 ||| qw: God list: Okawaru
     0 | D:1      | 0 ||| qw: Allow faded altars: false
     0 | D:1      | 0 ||| qw: Do Orc after clearing Dungeon:15 true
     0 | D:1      | 0 ||| qw: Do second Lair branch before Depths: true
     0 | D:1      | 0 ||| qw: Lair rune preference: random
     0 | D:1      | 0 ||| qw: Goals: Normal
     0 | D:1      | 0 ||| PLANNING D:1-11
    87 | D:1      | Reached skill level 6 in Ranged Weapons
    87 | D:1      | Reached XP level 2. HP: 16/16 MP: 4/4
   108 | D:1      | Noticed a shining eye
   110 | D:1      | Noticed an eye of devastation
   116 | D:1      | Found a faded altar of an unknown god.
   118 | D:1      | Noticed a floating eye
   118 | D:1      | Noticed a shining eye
   390 | D:1      | Reached XP level 3. HP: 20/20 MP: 5/5
   654 | D:1      | 654 ||| UPGRADING to +0 ring mail.
   664 | D:1      | 664 ||| DROPPING +0 leather armour.
   665 | D:1      | 665 ||| UPGRADING to +0 cloak.
   670 | D:1      | 670 ||| READING scroll labelled DEG BOOJATS.
   671 | D:1      | 671 ||| READING scroll labelled NEBRUGO FETIHA.
   672 | D:1      | 672 ||| READING scroll labelled SUGEEN IFUBROMN.
   673 | D:1      | 673 ||| DROPPING scroll of butterflies.
   695 | D:2      | Reached skill level 7 in Ranged Weapons
   715 | D:2      | HP: 5/20 [poisoned by an adder]
  1010 | D:2      | Reached XP level 4. HP: 23/25 MP: 6/6
  1420 | D:2      | 1420 ||| READING 3 scrolls labelled TIEWOG ROLUF.
  1421 | D:2      | 1421 ||| READING 2 scrolls of enchant weapon.
  1421 | D:2      | 1421 ||| ENCHANTING +1 shortbow.
  1422 | D:2      | 1422 ||| READING scroll of enchant weapon.
  1422 | D:2      | 1422 ||| ENCHANTING +2 shortbow.
  1423 | D:2      | 1423 ||| READING scroll labelled VOH IMUPHIUNU.
  1424 | D:2      | 1424 ||| READING scroll labelled CODUAG GIMOU.
  1425 | D:2      | 1425 ||| DRINKING 3 orange potions.
  1426 | D:2      | 1426 ||| DROPPING 2 potions of attraction.
  1518 | D:3      | Found the +7 Throatcutter {drain, coup de grace}
  1532 | D:3      | Reached skill level 8 in Ranged Weapons
  2078 | D:3      | Found a glowing silver altar of Zin.
  2142 | D:3      | Found an opulent altar of Gozag.
  2289 | D:3      | 2289 ||| READING scroll labelled GAZEEM WEINIRO.
  2290 | D:3      | 2290 ||| READING scroll labelled HUEFIV EGAEM.
  2322 | D:4      | Reached XP level 5. HP: 29/29 MP: 7/7
  2338 | D:4      | Reached skill level 9 in Ranged Weapons
  2364 | D:4      | Identified the +9 spear "Fyetz" {protect, rN+ Int+2 Dex+4}
  2406 | D:4      | 2406 ||| FLEEEEING.
  2407 | D:4      | 2407 ||| FLEEEEING.
  2408 | D:4      | 2408 ||| FLEEEEING.
  2408 | D:4      | HP: 7/30 [orc wizard/magic dart (11)]
  2409 | D:4      | 2409 ||| FLEEEEING.
  2410 | D:4      | 2410 ||| FLEEEEING.
  2411 | D:4      | 2411 ||| FLEEEEING.
  2412 | D:4      | 2412 ||| STAIRDANCE
  2412 | D:4      | HP: 1/30 [orc wizard/puff of flame (7)]
  2533 | D:4      | Reached XP level 6. HP: 35/35 MP: 8/8
  2537 | D:4      | 2537 ||| STAIRDANCE
  2615 | D:4      | 2615 ||| STAIRDANCE
  2672 | D:4      | 2672 ||| READING 2 scrolls of enchant weapon.
  2672 | D:4      | 2672 ||| ENCHANTING +3 shortbow.
  2673 | D:4      | 2673 ||| READING scroll of enchant weapon.
  2673 | D:4      | 2673 ||| ENCHANTING +4 shortbow.
  2687 | D:4      | Identified the +3 kite shield of Glamorous Amelioration
                  | {rPois rN+ Int-2 Dex+3}
  2705 | D:4      | Reached skill level 10 in Ranged Weapons
  2758 | D:4      | Found a staircase to the Ecumenical Temple.
  2759 | D:4      | 2759 ||| PLANNING TEMPLE
  2762 | D:4      | Reached skill level 3 in Dodging
  2798 | D:4      | 2798 ||| READING scroll labelled JUTINE LE XIRA.
  2802 | D:4      | 2802 ||| DRINKING 2 coppery potions.
  2809 | Temple   | Entered the Ecumenical Temple
  2970 | Temple   | 2970 ||| PLANNING D:1-11
  3016 | D:4      | HP: 8/35 [gnoll/+0 flail (5)]
  3017 | D:4      | 3017 ||| DRINKING potion of heal wounds.
  3025 | D:4      | Reached skill level 1 in Armour
  3243 | D:4      | Found a runed translucent door.
  3243 | D:4      | Noticed qw's ghost (amateur DEHu)
  3373 | D:4      | Reached XP level 7. HP: 40/40 MP: 9/9
  3599 | D:4      | 3599 ||| DRINKING 3 puce potions.
  3618 | D:5      | Entered Level 5 of the Dungeon
  3619 | D:5      | 3619 ||| PLANNING SEWER
  3643 | D:5      | Noticed Prince Ribbit
  3656 | D:5      | Killed Prince Ribbit
  3657 | D:5      | Reached skill level 11 in Ranged Weapons
  3812 | D:5      | Noticed Blork the orc
  3826 | D:5      | Reached skill level 12 in Ranged Weapons
  3830 | D:5      | HP: 7/40 [Blork the orc/+0 trident (4)]
  3831 | D:5      | 3831 ||| DRINKING potion of heal wounds.
  3833 | D:5      | Killed Blork the orc
  3923 | D:5      | Noticed Ijyb
  3923 | D:5      | Paralysed by Ijyb for 3 turns
  3934 | D:5      | Killed Ijyb
  3935 | D:5      | Reached XP level 8. HP: 45/45 MP: 10/10
  3980 | D:5      | Reached skill level 3 in Fighting
  4197 | D:5      | Found a sand-covered staircase.
  4600 | D:5      | 4600 ||| RIP SEWER
  4600 | D:5      | 4600 ||| RIP OSSUARY
  4600 | D:5      | 4600 ||| PLANNING D:1-11
  4600 | D:5      | 4600 ||| UPGRADING to +0 pair of gloves.
  4605 | D:5      | 4605 ||| UPGRADING to amulet of the acrobat.
  4610 | D:5      | 4610 ||| READING 3 scrolls of identify.
  4610 | D:5      | 4610 ||| IDENTIFYING clear potion
  4611 | D:5      | 4611 ||| READING 2 scrolls of identify.
  4611 | D:5      | 4611 ||| IDENTIFYING bubbling golden potion
  4612 | D:5      | 4612 ||| DROPPING potion of brilliance.
  5013 | D:6      | Noticed Edmund
  5032 | D:6      | HP: 7/46 [Edmund/+2 dire flail of protection (11)]
  5033 | D:6      | 5033 ||| READING scroll of teleportation.
  5035 | D:6      | HP: 2/46 [Edmund/puff of flame (6)]
  5036 | D:6      | Killed from afar by Edmund

Levels and vault maps discovered:
D:1:      nicolae_arrival_washed_ashore, layout_basic,
          hellmonk_ecumenical_altar_watching_god
D:2:      layout_loops_ring, chequers_serial_rivers_micro_c, minivault_5,
          wad_floor_pattern_untrapped, nicolae_elevator_lobby_asterisk
D:3:      layout_basic, pdpol_temple_overflow_zin_treasury_gozag_greed,
          dilly_guarded_unrand_throatcut
D:4:      layout_basic, minmay_temple_entry_proselytizer, serial_demonic,
          serial_demonic_c, serial_demonic_d, serial_demonic_d,
          serial_demonic_a, hellmonk_ghost_happy_afterlife
D:5:      layout_rooms, enter_ossuary_4, gup_sewer_entry_bubbles,
          kennysheep_minor_cross, minmay_misc_feat_rugged,
          minmay_misc_feat_four_crosses, kennysheep_small_spiral,
          serial_bayou_lake_a, uniq_prince_ribbit1, uniq_ijyb,
          uniq_blork_the_orc
D:6:      layout_basic, chequers_serial_rivers_marsh, uniq_edmund
Temple:   nicolae_temple_bog_church

Skill      XL: |  1  2  3  4  5  6  7  8 |
---------------+-------------------------+-----
Ranged Weapons | 6 7 8 9 10 12 | 12.5
Fighting       | 2 3 |  3.1
Dodging        | 3 4 |  4.1
Armour         | 1 |  1.0
Stealth        | |  1.2

Action                     |  1- 3 |  4- 6 |  7- 9 || total
---------------------------+-------+-------+-------++-------
   Fire: Shortbow          |   138 |   175 |   141 ||   454
    Use: Scroll            |     3 |    10 |     3 ||    16
         Potion            |       |     3 |     2 ||     5
 Armour: Leather armour    |     6 |       |       ||     6
         Ring mail         |     5 |    47 |    18 ||    70
  Dodge: Dodged            |    20 |    55 |    27 ||   102

Table legend:
 A = Non-vault XP
 B = Vault XP
 C = Vault XP percentage of total XP
 D = Non-vault monster count
 E = Vault monster count
 F = Vault count percentage of total count
                 A         B        C        D         E       F
            +---------+---------+-------+---------+---------+-------
      Total |    1197 |     578 |  32.6 |     118 |      26 |  18.1
            +---------+---------+-------+---------+---------+-------
        D:1 |      58 |       0 |   0.0 |      34 |       0 |   0.0
        D:2 |      63 |       0 |   0.0 |      19 |       0 |   0.0
        D:3 |      59 |      14 |  19.2 |      19 |       8 |  29.6
        D:4 |     580 |     138 |  19.2 |      28 |       7 |  20.0
        D:5 |     262 |     426 |  61.9 |      14 |      11 |  44.0
        D:6 |     175 |       0 |   0.0 |       4 |       0 |   0.0
            +---------+---------+-------+---------+---------+-------
